 Dungeon Crawl Stone Soup version 0.31.0-4-g52a2dc7128 (webtiles) character file.

Game seed: 4505190302955256697

405 Xavori the Slasher (level 7, -3/46 (51) HPs)
             Began as a Djinni Chaos Knight on Jan 22, 2024.
             Was a Plaything of Xom.
             Slain by a centaur (6 damage)
             ... on level 4 of the Dungeon.
             The game lasted 00:02:57 (9942 turns).

Xavori the Slasher (Djinni Chaos Knight)            Turns: 9942, Time: 00:02:58

HP:   -3/46 (51)    AC:  6    Str: 10      XL:     7   Next: 12%
Gold: 6             EV: 12    Int: 18      God:    Xom [......] SH:  4 Dex: 12 (13)

rFire   + + .        a - +0 falchion (chaos)
rCold   x . .        j - +0 buckler
rNeg    . . .        b - +2 leather armour
rPois   ∞            g - +0 helmet
rElec   +            (no cloak)
rCorr   .            (no gloves)
SInv    .            (boots unavailable)
Will    .....        (no amulet)
Stlth   +            (no ring)
HPRegen 1.07/turn    (no ring)
MPRegen 0.00/turn

%: infuse magic (-4 HP)
@: flying, drained, unable to read
A: sickness immunity, fire resistance 2, cold vulnerability 1, float, innate
caster, HP casting, extra vitality 1, clever 1, mutation resistance 1,
regeneration 1, electricity resistance, wild magic 1, inability to read after
injury 1, sturdy frame 1, noise suppression
a: Renounce Religion


You were on level 4 of the Dungeon.
You worshipped Xom.
You were a very special plaything of Xom.
You visited 1 branch of the dungeon, and saw 4 of its levels.

You collected 103 gold pieces.
You spent 97 gold pieces at shops.

Inventory:

Hand Weapons
 a - a +0 falchion of chaos (weapon)
Armour
 b - a +2 leather armour (worn)
 g - a +0 helmet (worn)
 j - a +0 buckler (worn)
Scrolls
 c - a scroll of butterflies
 e - 2 scrolls of teleportation
 f - 2 scrolls of identify
 l - a scroll of revelation
 n - a scroll of blinking
Potions
 d - a potion of invisibility
 h - a potion of lignification {unknown}
 i - a potion of brilliance {unknown}
 k - a potion of heal wounds {unknown}
 m - a potion of ambrosia {unknown}


   Skills:
 + Level 3.7 Fighting
 + Level 4.5 Long Blades
 + Level 2.6 Armour
 + Level 2.9 Dodging
 - Level 0.6 Stealth
 * Level 2.1 Shields
 * Level 1.4 Spellcasting
 * Level 1.4 Conjurations
 * Level 1.4 Hexes
 * Level 1.4 Summonings
 * Level 1.4 Necromancy
 * Level 1.4 Translocations
 * Level 1.4 Fire Magic
 * Level 1.4 Ice Magic
 * Level 1.4 Air Magic
 * Level 1.4 Earth Magic
 * Level 1.4 Alchemy


You knew the following spells:

 Your Spells              Type           Power      Damage    Failure   Level
a - Shock                 Conj/Air       32%        1d5       24%         1
b - Call Imp              Summ           16%        N/A       34%         2
c - Momentum Strike       Conj/Tloc      16%        3d8       34%         2
Your spell library was empty.

Dungeon Overview and Level Annotations

Branches:
Dungeon (4/15)
 Temple: D:4-7

Altars:
Fedhas
Qazlal
Xom

Shops:
D:3 ?


Innate Abilities, Weirdness & Mutations

You are immune to sickness and miasma.
You are immune to poison.
Your flesh is very heat resistant. (rF++)
You are vulnerable to cold. (rC-)
You float through the air rather than walking.
You learn spells naturally, not from books.
Your magical power is your life essence.
You have superior vitality. (+4 MHP)
Your mind is acute. (Int +4, Str/Dex -1)
You are somewhat resistant to further mutation.
Your natural rate of healing is unusually fast.
You are resistant to electric shocks. (rElec)
Your spells are a little harder to cast, but a little more powerful.
You occasionally lose the ability to read scrolls when taking damage.
Your movements are slightly less encumbered by armour. (ER -2)
You passively dampen the noise of your surroundings.


Message History

The hound is heavily wounded.
You hit the hound but do no damage.
The hound is poisoned.
The hound is heavily wounded.
Unknown command.
You hit the hound.
The hound appears confused.
The hound is severely wounded.
The hound barely misses you. You block the hound's attack.
Unknown command.
You completely miss the hound.
The hound is severely wounded.
The hound bites you but does no damage.
The hound bites itself but does no damage.
You catch the helpless hound completely off-guard!
You hit the hound.
You kill the hound!
No target in view!
No target in view!
HP restored.
Xom's malign attention turns to you for a moment.
You feel clumsy.
Found a stone staircase leading up.
A centaur comes into view.
The centaur shouts!
The centaur wields a +0 orcbow.
The centaur shoots an arrow.
The arrow closely misses you.
A centaur is nearby!
You are now a very special plaything of Xom.
The centaur shoots an arrow.
The arrow hits you!
The centaur shoots an arrow.
The arrow hits you.
You feel threatened and lose the ability to read scrolls!
The centaur shoots an arrow.
The arrow hits you.
The centaur shoots an arrow.
The arrow hits you!
The centaur shoots an arrow.
The arrow barely misses you.
You are too injured to fight recklessly!
You are too injured to fight recklessly!
The centaur shoots an arrow.
The arrow hits you!
* * * LOW HITPOINT WARNING * * *
The centaur unwields a +0 orcbow.
The centaur hits you.
You die...
Xom bursts into laughter!

###########
#.........#
#.#######.########
#.#...............
#.#.#####.########
#.#.#.........<..
#.#.#####.#######
#.#.......#
#@#########
#c.......
.........
######.### #


You could see a centaur.

Vanquished Creatures
  A sky beast (D:3)
  An ogre (D:4)
  A ballistomycete (D:4)
  3 hounds (D:4)
  2 adders
  A ribbon worm (D:2)
  A dart slug (D:3)
  7 orcs (D:3)
  4 ball pythons
  2 bats
  5 endoplasms
  2 giant cockroaches (D:2)
  3 goblins
  8 hobgoblins
  7 jackals (D:1)
  3 quokkas
  3 frilled lizards
  6 kobolds
  4 rats
64 creatures vanquished.

Vanquished Creatures (others)
  4 ballistomycete spores (D:4)
4 creatures vanquished.

Grand Total: 68 creatures vanquished

Notes
Turn   | Place    | Note
-------+----------+-------------------------------------------
     0 | D:1      | Xavori the Djinni Chaos Knight began the quest for the Orb.
     0 | D:1      | Reached XP level 1. HP: 20/20 MP: 0/0
    16 | D:1      | XOM: potion effect (brilliance)
    21 | D:1      | XOM: potion effect (invisibility)
    40 | D:1      | Reached XP level 2. HP: 25/25 MP: 0/0
   216 | D:1      | Reached skill level 3 in Long Blades
   292 | D:1      | Reached XP level 3. HP: 25/30 MP: 0/0
   292 | D:1      | Learned a level 1 spell: Shock
   370 | D:1      | XOM: silly message
   958 | D:1      | XOM: silly message
  1267 | D:1      | XOM: god gift: robe {god gift}
  1294 | D:1      | XOM: noise
  2407 | D:1      | XOM is BORED!
  2414 | D:1      | XOM: give mutations
  2414 | D:1      | Gained mutation: You have hidden genetic potential. [Xom's
                  | grace]
  2414 | D:1      | Gained mutation: You passively dampen the noise of your
                  | surroundings. [Xom's grace]
  2414 | D:1      | Gained mutation: Your spells are a little harder to cast,
                  | but a little more powerful. [Xom's grace]
  2648 | D:1      | XOM: noise
  3189 | D:1      | XOM: noise
  4209 | D:1      | XOM is BORED!
  4209 | D:1      | XOM: give mutation
  4209 | D:1      | Gained mutation: You occasionally lose the ability to read
                  | scrolls when taking damage. [Xom's mischief]
  5479 | D:1      | XOM: stat loss: -1 Int (12/13)
  5603 | D:1      | XOM: silly message
  6107 | D:1      | XOM: stat loss: -1 Dex (13/14)
  7104 | D:1      | XOM: silly message
  7107 | D:1      | XOM: cloud trail
  7356 | D:1      | XOM: scenery: summon butterflies
  7867 | D:1      | XOM: divination: detect items
  7949 | D:1      | XOM: give mutations
  7949 | D:1      | Gained mutation: You are partially covered in iridescent
                  | scales. (AC +2) [Xom's grace]
  7949 | D:1      | Gained mutation: Your natural rate of healing is unusually
                  | fast. [Xom's grace]
  7949 | D:1      | Lost mutation: You have hidden genetic potential. [Xom's
                  | grace]
  7949 | D:1      | Gained mutation: You are somewhat resistant to further
                  | mutation. [Xom's grace]
  8018 | D:2      | XOM: enchant monster (good)
  8056 | D:2      | XOM: scenery: summon butterflies
  8152 | D:2      | XOM: scenery: summon butterflies
  8164 | D:2      | XOM: give mutations
  8164 | D:2      | Lost mutation: You are partially covered in iridescent
                  | scales. (AC +2) [Xom's mischief]
  8164 | D:2      | Gained mutation: Your mind is acute. (Int +4, Str/Dex -1)
                  | [Xom's mischief]
  8164 | D:2      | Gained mutation: You are resistant to electric shocks.
                  | (rElec) [Xom's mischief]
  8501 | D:3      | Reached XP level 4. HP: 35/35 MP: 0/0
  8605 | D:3      | Found a stormy altar of Qazlal.
  8605 | D:3      | Noticed a sky beast
  8619 | D:3      | Killed a sky beast
  8620 | D:3      | Reached skill level 1 in Shields
  8620 | D:3      | Reached skill level 1 in Spellcasting
  8620 | D:3      | Reached skill level 1 in Conjurations
  8620 | D:3      | Reached skill level 1 in Hexes
  8620 | D:3      | Reached skill level 1 in Summonings
  8620 | D:3      | Reached skill level 1 in Necromancy
  8620 | D:3      | Reached skill level 1 in Translocations
  8620 | D:3      | Reached skill level 1 in Fire Magic
  8620 | D:3      | Reached skill level 1 in Ice Magic
  8620 | D:3      | Reached skill level 1 in Air Magic
  8620 | D:3      | Reached skill level 1 in Earth Magic
  8620 | D:3      | Reached skill level 1 in Alchemy
  8620 | D:3      | Reached XP level 5. HP: 25/40 MP: 0/0
  8620 | D:3      | Learned a level 2 spell: Call Imp
  8654 | D:3      | Identified the +9 dagger "Ciolus" {antimagic, rF+ rC+
                  | Int+3}
  8683 | D:3      | Found Soijut's Magic Scroll Emporium.
  8688 | D:3      | XOM: give mutations
  8688 | D:3      | Gained mutation: Your movements are slightly less
                  | encumbered by armour. (ER -2) [Xom's grace]
  8898 | D:3      | Found a blossoming altar of Fedhas.
  9146 | D:3      | XOM: scenery: create altars
  9239 | D:3      | XOM: scenery: summon butterflies
  9261 | D:3      | XOM: polymorph bat -> kobold
  9361 | D:4      | Noticed an ogre
  9368 | D:4      | Killed an ogre
  9369 | D:4      | Reached skill level 4 in Long Blades
  9369 | D:4      | Reached XP level 6. HP: 29/46 MP: 0/0
  9628 | D:4      | XOM: draining
  9698 | D:4      | Reached XP level 7. HP: 43/45 MP: 0/0
  9698 | D:4      | Learned a level 2 spell: Momentum Strike
  9821 | D:3      | Bought a scroll of blinking for 97 gold pieces
  9882 | D:4      | XOM: stat loss: -1 Dex (12/13)
  9941 | D:4      | HP: 2/46 [centaur/arrow (16)]
  9942 | D:4      | Slain by a centaur

Illustrated notes

Levels and vault maps discovered:
D:1:      scummos_arrival_simple_fountains, layout_rooms, kennysheep_boxes
D:2:      layout_basic, st_stairs_4, minivault_24, grunt_ministairs_7
D:3:      layout_basic, nicolae_vehumet_altar_sigil,
          nicolae_qazlal_beasts_of_the_sky, mainiacjoe_overflow_alcove_2,
          serial_shops, shop
D:4:      minmay_spotlight, layout_basic, biasface_ghost_orc_armoury

Skill      XL: |  1  2  3  4  5  6 |
---------------+-------------------+-----
Long Blades    | 3 4 |  4.5
Armour         | 2 |  2.6
Shields        | 1 2 |  2.1
Spellcasting   | 1 |  1.4
Conjurations   | 1 |  1.4
Hexes          | 1 |  1.4
Summonings     | 1 |  1.4
Necromancy     | 1 |  1.4
Translocations | 1 |  1.4
Fire Magic     | 1 |  1.4
Ice Magic      | 1 |  1.4
Air Magic      | 1 |  1.4
Earth Magic    | 1 |  1.4
Alchemy        | 1 |  1.4
Fighting       | |  3.7
Dodging        | |  2.9
Stealth        | |  0.6

Action                     |  1- 3 |  4- 6 |  7- 9 || total
---------------------------+-------+-------+-------++-------
  Melee: Falchion          |    90 |   114 |     8 ||   212
   Cast: Call Imp          |       |     1 |       ||     1
    Use: Scroll            |       |     3 |       ||     3
   Stab: Invisible         |     2 |       |       ||     2
         Sleeping          |     2 |     1 |       ||     3
         Petrifying        |     1 |     1 |       ||     2
         Paralysed         |     1 |       |       ||     1
         Petrified         |       |     4 |       ||     4
         Confused          |       |       |     1 ||     1
 Armour: Leather armour    |    44 |    62 |    10 ||   116
  Dodge: Dodged            |    75 |    43 |     6 ||   124
  Block: Buckler           |       |    25 |     1 ||    26
